A
HONDO OUTLAWS @ JANESVILLE ROLLING THUNDER
04/22/2060
 
TOP OF THE 1ST
Hondo Outlaws batting - Pitching for Janesville Rolling Thunder : RHP Tripp McGuire
Pitching: RHP Tripp McGuire
Batting: RHB Camron Estrada 0-0: Ball
1-0: Ball
2-0: Ball
3-0: Called Strike
3-1: Called Strike
3-2: Strikes out swinging
Batting: LHB Logan Devlin 0-0: Ball
1-0: Ball
2-0: Called Strike
2-1: Called Strike
2-2: Foul Ball, location: 2F
2-2: Ball
3-2: Foul Ball, location: 2F
3-2: SOLO HOME RUN (Flyball, 7LD, EV 96.2 MPH), Distance : 355 ft
Batting: LHB Zander Compton 0-0: Swinging Strike
0-1: Swinging Strike
0-2: Ball
1-2: Reached on error, E4 (Groundball, 4, EV 95.6 MPH)
Batting: LHB Greg O'Neill 0-0: Foul Ball, location: 2F
0-1: Ball
1-1: Ball
2-1: Foul Ball, location: 2F
2-2: Strikes out swinging
Batting: RHB Gage McKay 0-0: Ball
1-0: Foul Ball, location: 2F
1-1: Foul Ball, location: 2F
1-2: Foul Ball, location: 2F
1-2: Ball
2-2: Foul Ball, location: 2F
2-2: Foul Ball, location: 2F
2-2: Hit by Pitch
Batting: SHB Dax Brenton 0-0: Ball
1-0: Foul Ball, location: 2F
1-1: Ball
2-1: Foul Ball, location: 2F
2-2: Strikes out swinging
Top of the 1st over - 1 run, 1 hit, 1 error, 2 left on base; Hondo 1 - Janesville 0
BOTTOM OF THE 1ST
Janesville Rolling Thunder batting - Pitching for Hondo Outlaws : LHP Branden DeFeo
Pitching: LHP Branden DeFeo
Batting: RHB James Howard 0-0: Foul Ball, location: 2F
0-1: Called Strike
0-2: Ball
1-2: Ball
2-2: Strikes out looking
Batting: SHB LeAntoine Alexander 0-0: Ball
1-0: Ground out 4-3 (Groundball, 4, EV 79.4 MPH)
Batting: SHB Jim Cullipher 0-0: Ball
1-0: Foul Ball, location: 2F
1-1: Called Strike
1-2: Strikes out swinging
Bottom of the 1st over - 0 runs, 0 hits, 0 errors, 0 left on base; Hondo 1 - Janesville 0
TOP OF THE 2ND
Hondo Outlaws batting - Pitching for Janesville Rolling Thunder : RHP Tripp McGuire
Batting: RHB Leroy Levesque 0-0: Called Strike
0-1: Ball
1-1: Swinging Strike
1-2: Ball
2-2: Strikes out looking
Batting: RHB Phil Radil 0-0: Ball
1-0: Called Strike
1-1: Swinging Strike
1-2: Strikes out looking
Batting: RHB Ed Wallace 0-0: Called Strike
0-1: Foul Ball, location: 2F
0-2: SINGLE (Groundball, 34D, EV 101.9 MPH)
Batting: RHB Camron Estrada 0-0: Called Strike
0-1: Ball
1-1: SINGLE (Groundball, 34D, EV 108.8 MPH)
Ed Wallace to second
Runner from 2nd tries for 3rd, SAFE, throw by RF made to third
Batting: LHB Logan Devlin 0-0: Swinging Strike
0-1: Foul Ball, location: 2F
0-2: Foul Ball, location: 2F
0-2: Strikes out swinging
Top of the 2nd over - 0 runs, 2 hits, 0 errors, 2 left on base; Hondo 1 - Janesville 0
BOTTOM OF THE 2ND
Janesville Rolling Thunder batting - Pitching for Hondo Outlaws : LHP Branden DeFeo
Batting: SHB Brayden Strollo 0-0: Ball
1-0: Ball
2-0: Called Strike
2-1: DOUBLE (Line Drive, 9LM, EV 93.1 MPH)
Batting: LHB Christopher Saelens 0-0: Ball
1-0: Foul Ball, location: 2F
1-1: Foul Ball, location: 2F
1-2: Ball
2-2: Strikes out swinging
Batting: LHB Dakota Bieber 0-0: Foul Ball, location: 2F
0-1: Ball
1-1: Swinging Strike
1-2: Strikes out swinging
Batting: SHB Peter Bjerk 0-0: Ground out U3 (Groundball, 34, EV 111.2 MPH)
Bottom of the 2nd over - 0 runs, 1 hit, 0 errors, 1 left on base; Hondo 1 - Janesville 0
TOP OF THE 3RD
Hondo Outlaws batting - Pitching for Janesville Rolling Thunder : RHP Tripp McGuire
Batting: LHB Zander Compton 0-0: Fly out, F9 (Line Drive, 9LM, EV 87.5 MPH)
Batting: LHB Greg O'Neill 0-0: Ball
1-0: Foul Ball, location: 2F
1-1: Ball
2-1: Ball
3-1: Called Strike
3-2: Foul Ball, location: 2F
3-2: Foul Ball, location: 2F
3-2: DOUBLE (Line Drive, 7LS, EV 99.4 MPH)
Batting: RHB Gage McKay 0-0: Called Strike
0-1: Ball
1-1: Ball
2-1: Ground out 6-3 (Groundball, 6MS, EV 86.2 MPH)
Greg O'Neill to third
Batting: SHB Dax Brenton 0-0: Ball
1-0: Foul Ball, location: 2F
1-1: Called Strike
1-2: Foul Ball, location: 2F
1-2: Ball
2-2: Foul Ball, location: 2F
2-2: Strikes out swinging
Top of the 3rd over - 0 runs, 1 hit, 0 errors, 1 left on base; Hondo 1 - Janesville 0
BOTTOM OF THE 3RD
Janesville Rolling Thunder batting - Pitching for Hondo Outlaws : LHP Branden DeFeo
Batting: RHB Chase Bird 0-0: SINGLE (Line Drive, 7S, EV 86.9 MPH)
Batting: RHB J.D. Butcher 0-0: Called Strike
0-1: Ball
1-1: Fly out, F9 (Flyball, 89M, EV 91.2 MPH)
Batting: RHB James Howard 0-0: Called Strike
0-1: Ball
1-1: Foul Ball, location: 2F
1-2: Strikes out looking
Batting: SHB LeAntoine Alexander 0-0: Ball
1-0: Ball
2-0: Swinging Strike
2-1: Ball
3-1: Base on Balls
Chase Bird to second
Batting: SHB Jim Cullipher 0-0: Swinging Strike
0-1: Fly out, F7 (Line Drive, 78D, EV 91.9 MPH)
Bottom of the 3rd over - 0 runs, 1 hit, 0 errors, 2 left on base; Hondo 1 - Janesville 0
TOP OF THE 4TH
Hondo Outlaws batting - Pitching for Janesville Rolling Thunder : RHP Tripp McGuire
Batting: RHB Leroy Levesque 0-0: Ball
1-0: Ball
2-0: Foul Ball, location: 2F
2-1: Foul Ball, location: 2F
2-2: SINGLE (Line Drive, 3D, EV 98.1 MPH)
Batting: RHB Phil Radil 0-0: Ball
1-0: Ball
2-0: Ball
3-0: Called Strike
3-1: Foul Ball, location: 2F
3-2: Strikes out swinging
Batting: RHB Ed Wallace 0-0: Ball
Leroy Levesque steals 2nd base
1-0: Ground out 6-3 (Groundball, 6, EV 101.2 MPH)
Batting: RHB Camron Estrada 0-0: Ball
1-0: Ball
2-0: Called Strike
2-1: Ball
3-1: Foul Ball, location: 2F
3-2: DOUBLE (Groundball, 3L, EV 103.1 MPH)
Leroy Levesque scores
Batting: LHB Logan Devlin 0-0: Ball
1-0: DOUBLE (Line Drive, 9LM, EV 96.2 MPH)
Camron Estrada scores
Batting: LHB Zander Compton 0-0: Ground out 6-3 (Groundball, 6, EV 105.6 MPH)
Top of the 4th over - 2 runs, 3 hits, 0 errors, 1 left on base; Hondo 3 - Janesville 0
BOTTOM OF THE 4TH
Janesville Rolling Thunder batting - Pitching for Hondo Outlaws : LHP Branden DeFeo
Batting: SHB Brayden Strollo 0-0: Called Strike
0-1: Ball
1-1: Foul Ball, location: 2F
1-2: Strikes out swinging
Batting: LHB Christopher Saelens 0-0: Swinging Strike
0-1: Ball
1-1: Hit by Pitch
Batting: LHB Dakota Bieber 0-0: Called Strike
0-1: Grounds into double play, U3-6 (Groundball, 3L, EV 107.5 MPH)
Bottom of the 4th over - 0 runs, 0 hits, 0 errors, 0 left on base; Hondo 3 - Janesville 0
TOP OF THE 5TH
Hondo Outlaws batting - Pitching for Janesville Rolling Thunder : RHP Tripp McGuire
Batting: LHB Greg O'Neill 0-0: Ball
1-0: Foul Ball, location: 2F
1-1: Ball
2-1: Ball
3-1: Foul Ball, location: 2F
3-2: Ground out U3 (Groundball, 34, EV 102.5 MPH)
Pitching: RHP Mitchell Geerts
Batting: RHB Gage McKay 0-0: Ball
1-0: Called Strike
1-1: Swinging Strike
1-2: Ball
2-2: Foul Ball, location: 2F
2-2: Foul Ball, location: 2F
2-2: Strikes out swinging
Batting: SHB Dax Brenton 0-0: Called Strike
0-1: Swinging Strike
0-2: Strikes out swinging
Top of the 5th over - 0 runs, 0 hits, 0 errors, 0 left on base; Hondo 3 - Janesville 0
BOTTOM OF THE 5TH
Janesville Rolling Thunder batting - Pitching for Hondo Outlaws : LHP Branden DeFeo
Batting: SHB Peter Bjerk 0-0: DOUBLE (Line Drive, 5D, EV 97.5 MPH)
Batting: RHB Chase Bird 0-0: Ball
1-0: Swinging Strike
1-1: Ball
2-1: Fly out, F8 (Flyball, 8LXD, EV 101.9 MPH)
Runner from 2nd tags up, SAFE at 3rd, no throw by CF
Batting: RHB J.D. Butcher 0-0: Ball
Wild Pitch!
Peter Bjerk scores
1-0: Foul Ball, location: 2F
1-1: Ball
2-1: Fly out, F9 (Flyball, 9D, EV 100.0 MPH)
Batting: RHB James Howard 0-0: Ground out 4-3 (Groundball, 34, EV 78.8 MPH)
Bottom of the 5th over - 1 run, 1 hit, 0 errors, 0 left on base; Hondo 3 - Janesville 1
TOP OF THE 6TH
Hondo Outlaws batting - Pitching for Janesville Rolling Thunder : RHP Mitchell Geerts
Batting: RHB Leroy Levesque 0-0: Foul Ball, location: 2F
0-1: Ball
1-1: Ball
2-1: Ball
3-1: SINGLE (Flyball, 8LS, EV 90.6 MPH)
Batting: RHB Phil Radil 0-0: Ball
1-0: Grounds into double play, 5-4-3 (Groundball, 5S, EV 87.5 MPH)
Batting: RHB Ed Wallace 0-0: Ball
1-0: Foul Ball, location: 2F
1-1: Foul Ball, location: 2F
1-2: SINGLE (Line Drive, 56D, EV 105.0 MPH)
Batting: RHB Camron Estrada 0-0: Ball
1-0: Ball
2-0: Called Strike
2-1: Called Strike
Ed Wallace is caught stealing 2nd base 2-4
Top of the 6th over - 0 runs, 2 hits, 0 errors, 0 left on base; Hondo 3 - Janesville 1
BOTTOM OF THE 6TH
Janesville Rolling Thunder batting - Pitching for Hondo Outlaws : LHP Branden DeFeo
Batting: SHB LeAntoine Alexander 0-0: Fly out, F5 (Line Drive, 56, EV 61.2 MPH)
Batting: SHB Jim Cullipher 0-0: Swinging Strike
0-1: SINGLE (Groundball, 4MD, EV 100.0 MPH) (infield hit)
Batting: SHB Brayden Strollo 0-0: Swinging Strike
0-1: Fly out, F8 (Flyball, 8RD, EV 98.1 MPH)
Batting: LHB Christopher Saelens 0-0: Ball
1-0: Ball
2-0: Called Strike
2-1: Foul Ball, location: 2F
2-2: Ball
3-2: Fly out, F8 (Flyball, 8RM, EV 86.2 MPH)
Bottom of the 6th over - 0 runs, 1 hit, 0 errors, 1 left on base; Hondo 3 - Janesville 1
TOP OF THE 7TH
Hondo Outlaws batting - Pitching for Janesville Rolling Thunder : RHP Mitchell Geerts
Pitching: RHP Johnny Proctor
Batting: RHB Camron Estrada 0-0: Ball
1-0: Ball
2-0: Fly out, F4 (Line Drive, 4, EV 68.1 MPH)
Batting: LHB Logan Devlin 0-0: Ball
1-0: Ground out 6-3 (Groundball, 6, EV 105.0 MPH)
Batting: LHB Zander Compton 0-0: Ball
1-0: Foul Ball, location: 2F
1-1: Ball
2-1: Ground out 4-3 (Groundball, 4, EV 83.1 MPH)
Top of the 7th over - 0 runs, 0 hits, 0 errors, 0 left on base; Hondo 3 - Janesville 1
BOTTOM OF THE 7TH
Janesville Rolling Thunder batting - Pitching for Hondo Outlaws : LHP Branden DeFeo
Batting: LHB Dakota Bieber 0-0: SINGLE (Groundball, 6D, EV 96.2 MPH)
Batting: SHB Peter Bjerk 0-0: SINGLE (Line Drive, 9S, EV 91.9 MPH)
Dakota Bieber to second
Runner from 2nd tries for 3rd, SAFE, throw by RF made to third
Batting: RHB Chase Bird 0-0: Called Strike
0-1: Called Strike
0-2: Strikes out swinging
Pitching: LHP Bretton Musoke
Batting: RHB J.D. Butcher 0-0: Ball
1-0: Swinging Strike
1-1: Ground out 5-3 (Groundball, 56S, EV 83.1 MPH)
Peter Bjerk to second
Batting: RHB James Howard 0-0: Ball
1-0: Ball
2-0: Ball
3-0: Called Strike
3-1: Called Strike
3-2: SINGLE (Groundball, 56D, EV 101.9 MPH)
Dakota Bieber scores
Peter Bjerk to third
Runner from 3rd tries for Home, SAFE, throw by LF to home
Batting: SHB LeAntoine Alexander 0-0: Ball
1-0: Fly out, F6 (Line Drive, 6, EV 64.4 MPH)
Bottom of the 7th over - 2 runs, 3 hits, 0 errors, 1 left on base; Hondo 3 - Janesville 3
TOP OF THE 8TH
Hondo Outlaws batting - Pitching for Janesville Rolling Thunder : RHP Johnny Proctor
Batting: LHB Greg O'Neill 0-0: Ball
1-0: Foul Ball, location: 2F
1-1: Ball
2-1: Ball
3-1: Called Strike
3-2: SINGLE (Groundball, 4D, EV 103.8 MPH)
Batting: RHB Gage McKay 0-0: Ball
Greg O'Neill steals 2nd base
1-0: Ball
Passed Ball!
Greg O'Neill to third
2-0: Ball
3-0: Foul Ball, location: 2F
3-1: Ground out 4-3 (Groundball, P, EV 83.8 MPH)
Batting: SHB Dax Brenton 0-0: Intentional Walk
Batting: RHB Leroy Levesque 0-0: Ball
1-0: Fielders Choice at 2nd, 6-4 (Groundball, 6, EV 88.8 MPH)
Greg O'Neill scores
Batting: RHB Phil Radil 0-0: Called Strike
0-1: Ball
1-1: Foul Ball, location: 2F
1-2: Ball
2-2: Strikes out swinging
Top of the 8th over - 1 run, 1 hit, 0 errors, 1 left on base; Hondo 4 - Janesville 3
BOTTOM OF THE 8TH
Janesville Rolling Thunder batting - Pitching for Hondo Outlaws : LHP Bretton Musoke
Batting: SHB Jim Cullipher 0-0: Ball
1-0: Foul Ball, location: 2F
1-1: Foul Ball, location: 2F
1-2: SINGLE (Groundball, 6S, EV 71.2 MPH) (infield hit)
Pitching: RHP Colton Reed
Batting: SHB Brayden Strollo 0-0: Ball
1-0: Called Strike
1-1: Foul Ball, location: 2F
1-2: Ball
2-2: Ball
3-2: Base on Balls
Jim Cullipher to second
Pinch Runner at 2nd Calvin Pierson:
Batting: LHB Christopher Saelens 0-0: Ball
1-0: Ball
2-0: Fly out, F4 (Popup, 4, EV 63.8 MPH)
Batting: LHB Dakota Bieber 0-0: Ball
1-0: Called Strike
1-1: Fly out, F7 (Flyball, 7LMF, EV 88.1 MPH)
Batting: SHB Peter Bjerk 0-0: Foul Ball, location: 2F
0-1: Ball
1-1: Ground out 4-3 (Groundball, 4, EV 108.8 MPH)
Bottom of the 8th over - 0 runs, 1 hit, 0 errors, 2 left on base; Hondo 4 - Janesville 3
TOP OF THE 9TH
Hondo Outlaws batting - Pitching for Janesville Rolling Thunder : RHP Johnny Proctor
Now in LF: Bryce Laursen
Now in RF: James Howard
Batting: RHB Ed Wallace 0-0: Ball
1-0: Foul Ball, location: 2F
1-1: SINGLE (Line Drive, 56D, EV 98.8 MPH)
Batting: RHB Camron Estrada 0-0: Called Strike
0-1: Ball
1-1: Called Strike
Ed Wallace steals 2nd base
1-2: Ball
2-2: Ground out 4-3 (Groundball, 34, EV 100.0 MPH)
Ed Wallace to third
Pitching: RHP Shawn Kim
Batting: LHB Logan Devlin 0-0: Fly out, F7 (Flyball, 7S, EV 95.0 MPH)
Batting: LHB Zander Compton 0-0: Intentional Walk
Batting: LHB Greg O'Neill 0-0: Called Strike
0-1: Ground out 4-3 (Groundball, 4S, EV 88.8 MPH)
Top of the 9th over - 0 runs, 1 hit, 0 errors, 2 left on base; Hondo 4 - Janesville 3
BOTTOM OF THE 9TH
Janesville Rolling Thunder batting - Pitching for Hondo Outlaws : RHP Colton Reed
Pitching: LHP Ervin Lee
Now in CF: Emerett Estrada
Now in RF: Matthew Stambaugh
Batting: RHB Chase Bird 0-0: Swinging Strike
0-1: Swinging Strike
0-2: Strikes out swinging
Batting: RHB J.D. Butcher 0-0: Foul Ball, location: 2F
0-1: Called Strike
0-2: Ball
1-2: Foul Ball, location: 2F
1-2: Foul Ball, location: 2F
1-2: Ball
2-2: Fly out, F5 (Popup, 6MS, EV 85.0 MPH)
Batting: RHB James Howard 0-0: Ball
1-0: Called Strike
1-1: Swinging Strike
1-2: Ball
2-2: Ground out 6-3 (Groundball, 56D, EV 102.5 MPH)
Bottom of the 9th over - 0 runs, 0 hits, 0 errors, 0 left on base; Hondo 4 - Janesville 3
Monday, April 29th , 2024 - OOTP Baseball 23.10 Build 110